MLB
BALTIMORE ORIOLES @ TEXAS RANGERS
08/05/2045
 
TOP OF THE 1ST
Baltimore Orioles batting - Pitching for Texas Rangers : RHP Pimbly Nimblebottom
Pitching: RHP Pimbly Nimblebottom
Batting: RHB Andres Leon 0-0: Foul Ball, location: 2F
0-1: Ball
1-1: Foul Ball, location: 2F
1-2: Ground out U3 (Groundball, 34S, EV 65.0 MPH)
Batting: RHB Marc Peckermark 0-0: Ball
1-0: Called Strike
1-1: Swinging Strike
1-2: Foul Ball, location: 2F
1-2: Foul Ball, location: 2F
1-2: Strikes out looking
Batting: RHB Saimei Kudo 0-0: Called Strike
0-1: Foul Ball, location: 2F
0-2: Strikes out swinging
Top of the 1st over - 0 runs, 0 hits, 0 errors, 0 left on base; Baltimore 0 - Texas 0
BOTTOM OF THE 1ST
Texas Rangers batting - Pitching for Baltimore Orioles : RHP Gavin Nelson
Pitching: RHP Gavin Nelson
Batting: LHB Andy Bowman 0-0: TRIPLE (Line Drive, 8RXD, EV 108.8 MPH)
Batting: RHB David Casas 0-0: Ball
1-0: Fly out, F3 (Popup, 34, EV 66.2 MPH)
Batting: SHB John Giesbrecht 0-0: Called Strike
0-1: Ball
Wild Pitch!
Andy Bowman scores
1-1: Foul Ball, location: 2F
1-2: Foul Ball, location: 2F
1-2: Hit by Pitch
Batting: RHB Ray Llewellyn 0-0: Called Strike
0-1: Ball
1-1: Ball
2-1: Reached on error, E1 (Groundball, 13S, EV 64.4 MPH)
John Giesbrecht to second
Batting: SHB Vince Ealy 0-0: Ball
1-0: Called Strike
1-1: Ball
2-1: Fly out, F8 (Flyball, 8LS, EV 91.2 MPH)
Batting: RHB Zhao-ji Chi 0-0: Ball
1-0: Foul Ball, location: 2F
1-1: Ball
2-1: Ball
3-1: Base on Balls
John Giesbrecht to third
Ray Llewellyn to second
Batting: RHB Casey Semenza 0-0: Called Strike
0-1: SINGLE (Line Drive, 3L, EV 96.2 MPH)
John Giesbrecht scores
Ray Llewellyn to third
Zhao-ji Chi to second
Runner from 3rd tries for Home, SAFE, throw by RF to home
Batting: RHB Cody Flowers 0-0: Called Strike
0-1: Foul Ball, location: 2F
0-2: Strikes out swinging
Bottom of the 1st over - 3 runs, 2 hits, 1 error, 2 left on base; Baltimore 0 - Texas 3
TOP OF THE 2ND
Baltimore Orioles batting - Pitching for Texas Rangers : RHP Pimbly Nimblebottom
Batting: LHB Brad Pepin 0-0: Ball
1-0: Ball
2-0: Ball
3-0: Base on Balls
Batting: SHB Robert Handy 0-0: Ball
1-0: SINGLE (Line Drive, 34D, EV 106.9 MPH)
Brad Pepin to second
Batting: LHB Paul Diaz 0-0: Foul Ball, location: 2F
0-1: Called Strike
0-2: Strikes out looking
Batting: LHB Gabe Pace 0-0: Called Strike
0-1: Swinging Strike
0-2: Ball
1-2: Fielders Choice at 2nd, 3-6 (Groundball, 34, EV 95.6 MPH)
Brad Pepin to third
Batting: RHB Ruben Garza 0-0: DOUBLE (Flyball, 8LXD, EV 93.8 MPH)
Brad Pepin scores
Gabe Pace to third
Runner from 3rd tries for Home, SAFE, no throw by CF
Batting: RHB Darwin Mills 0-0: Foul Ball, location: 2F
0-1: Called Strike
0-2: Ball
1-2: Foul Ball, location: 2F
1-2: Ball
2-2: Foul Ball, location: 2F
2-2: Ball
3-2: Base on Balls
Batting: RHB Andres Leon 0-0: Foul Ball, location: 2F
0-1: Ball
1-1: Called Strike
1-2: Ball
2-2: Foul Ball, location: 2F
2-2: SINGLE (Groundball, 4MD, EV 78.1 MPH) (infield hit)
Ruben Garza to third
Darwin Mills to second
Batting: RHB Marc Peckermark 0-0: Called Strike
0-1: Ball
1-1: Ball
2-1: Called Strike
2-2: Strikes out looking
Top of the 2nd over - 2 runs, 3 hits, 0 errors, 3 left on base; Baltimore 2 - Texas 3
BOTTOM OF THE 2ND
Texas Rangers batting - Pitching for Baltimore Orioles : RHP Gavin Nelson
Batting: LHB Johan de Vries 0-0: Called Strike
0-1: Called Strike
0-2: Ball
1-2: Foul Ball, location: 2F
1-2: Foul Ball, location: 2F
1-2: Strikes out looking
Batting: LHB Andy Bowman 0-0: Ground out U3 (Groundball, 34, EV 97.5 MPH)
Batting: RHB David Casas 0-0: Called Strike
0-1: Ball
1-1: Fly out, F9 (Flyball, 89M, EV 77.5 MPH)
Bottom of the 2nd over - 0 runs, 0 hits, 0 errors, 0 left on base; Baltimore 2 - Texas 3
TOP OF THE 3RD
Baltimore Orioles batting - Pitching for Texas Rangers : RHP Pimbly Nimblebottom
Batting: RHB Saimei Kudo 0-0: Swinging Strike
0-1: Called Strike
0-2: Ball
1-2: Strikes out swinging
Batting: LHB Brad Pepin 0-0: Swinging Strike
0-1: Called Strike
0-2: Strikes out swinging
Batting: SHB Robert Handy 0-0: Foul Ball, location: 2F
0-1: Ball
1-1: Ball
2-1: Fly out, F5 (Popup, 6, EV 75.6 MPH)
Top of the 3rd over - 0 runs, 0 hits, 0 errors, 0 left on base; Baltimore 2 - Texas 3
BOTTOM OF THE 3RD
Texas Rangers batting - Pitching for Baltimore Orioles : RHP Gavin Nelson
Batting: SHB John Giesbrecht 0-0: Ball
1-0: Ball
2-0: Ball
3-0: Base on Balls
Batting: RHB Ray Llewellyn 0-0: Ball
1-0: Ball
2-0: Fly out, F8 (Flyball, 8LXD, EV 100.6 MPH)
Batting: SHB Vince Ealy 0-0: Ball
John Giesbrecht steals 2nd base
1-0: Called Strike
1-1: Ball
2-1: Ball
3-1: Foul Ball, location: 2F
3-2: Strikes out swinging
Batting: RHB Zhao-ji Chi 0-0: Ball
1-0: Fly out, F4 (Flyball, 34D, EV 86.9 MPH)
Bottom of the 3rd over - 0 runs, 0 hits, 0 errors, 1 left on base; Baltimore 2 - Texas 3
TOP OF THE 4TH
Baltimore Orioles batting - Pitching for Texas Rangers : RHP Pimbly Nimblebottom
Batting: LHB Paul Diaz 0-0: Called Strike
0-1: Called Strike
0-2: Ball
1-2: Ball
2-2: Strikes out swinging
Batting: LHB Gabe Pace 0-0: Swinging Strike
0-1: Ball
1-1: Ball
2-1: Foul Ball, location: 2F
2-2: Ball
3-2: SINGLE (Groundball, 4M, EV 102.5 MPH)
Batting: RHB Ruben Garza 0-0: Called Strike
0-1: Ball
1-1: Swinging Strike
1-2: Grounds into double play, 5-4-3 (Groundball, 56, EV 80.6 MPH)
Top of the 4th over - 0 runs, 1 hit, 0 errors, 0 left on base; Baltimore 2 - Texas 3
BOTTOM OF THE 4TH
Texas Rangers batting - Pitching for Baltimore Orioles : RHP Gavin Nelson
Batting: RHB Casey Semenza 0-0: Called Strike
0-1: Ball
1-1: Ball
2-1: Ground out U3 (Groundball, 34S, EV 86.2 MPH)
Batting: RHB Cody Flowers 0-0: Called Strike
0-1: Ball
1-1: Foul Ball, location: 2F
1-2: Ball
2-2: Foul Ball, location: 2F
2-2: Ball
3-2: Base on Balls
Batting: LHB Johan de Vries 0-0: Ball
1-0: Called Strike
1-1: Called Strike
1-2: Strikes out swinging
Batting: LHB Andy Bowman 0-0: Called Strike
0-1: Ball
1-1: Foul Ball, location: 2F
1-2: Foul Ball, location: 2F
1-2: Ground out 1-3 (Groundball, P, EV 61.9 MPH)
Bottom of the 4th over - 0 runs, 0 hits, 0 errors, 1 left on base; Baltimore 2 - Texas 3
TOP OF THE 5TH
Baltimore Orioles batting - Pitching for Texas Rangers : RHP Pimbly Nimblebottom
Batting: RHB Darwin Mills 0-0: Fly out, F9 (Flyball, 89D, EV 81.2 MPH)
Batting: RHB Andres Leon 0-0: Ball
1-0: Ground out 5-3 (Groundball, 56, EV 87.5 MPH)
Batting: RHB Marc Peckermark 0-0: Called Strike
0-1: Ball
1-1: Called Strike
1-2: Strikes out looking and he ARGUES THE CALL AND IS TOSSED!
Top of the 5th over - 0 runs, 0 hits, 0 errors, 0 left on base; Baltimore 2 - Texas 3
BOTTOM OF THE 5TH
Texas Rangers batting - Pitching for Baltimore Orioles : RHP Gavin Nelson
Now in CF: Brad Pepin
Now in RF: Orlando Melchor
Batting: RHB David Casas 0-0: Ball
1-0: Foul Ball, location: 2F
1-1: Swinging Strike
1-2: Ball
2-2: Strikes out swinging
Batting: SHB John Giesbrecht 0-0: Ball
1-0: Swinging Strike
1-1: Ball
2-1: Called Strike
2-2: SINGLE (Groundball, 6MD, EV 99.4 MPH)
Batting: RHB Ray Llewellyn Pickoff Throw to First - Out! 1-3
0-0: Swinging Strike
0-1: Ball
1-1: Ball
2-1: Foul Ball, location: 2F
2-2: SINGLE (Groundball, 34D, EV 104.4 MPH)
Batting: SHB Vince Ealy 0-0: Ball
1-0: Called Strike
1-1: Ball
2-1: Fielders Choice at 2nd, 5-4 (Groundball, 5, EV 83.8 MPH)
Bottom of the 5th over - 0 runs, 2 hits, 0 errors, 1 left on base; Baltimore 2 - Texas 3
TOP OF THE 6TH
Baltimore Orioles batting - Pitching for Texas Rangers : RHP Pimbly Nimblebottom
Batting: RHB Saimei Kudo 0-0: Ball
1-0: Called Strike
1-1: DOUBLE (Line Drive, 5D, EV 98.1 MPH)
Batting: LHB Brad Pepin 0-0: Foul Ball, location: 2F
0-1: Ball
1-1: Fly out, F8 (Line Drive, 8LM, EV 95.0 MPH)
Batting: SHB Robert Handy 0-0: Called Strike
0-1: Foul Ball, location: 2F
0-2: Strikes out swinging
Batting: LHB Paul Diaz 0-0: 2-RUN HOME RUN (Flyball, 9D, EV 96.9 MPH), Distance : 377 ft
Batting: LHB Gabe Pace 0-0: Ball
1-0: Ball
2-0: Swinging Strike
2-1: Ball
3-1: Called Strike
3-2: SINGLE (Flyball, 3D, EV 94.4 MPH)
Batting: RHB Ruben Garza 0-0: Called Strike
0-1: Ball
1-1: Ball
2-1: Ground out U3 (Groundball, 3, EV 91.2 MPH)
Top of the 6th over - 2 runs, 3 hits, 0 errors, 1 left on base; Baltimore 4 - Texas 3
BOTTOM OF THE 6TH
Texas Rangers batting - Pitching for Baltimore Orioles : RHP Gavin Nelson
Pitching: RHP Josh Boyles
Batting: RHB Zhao-ji Chi 0-0: Swinging Strike
0-1: Swinging Strike
0-2: Ball
1-2: Foul Ball, location: 2F
1-2: Strikes out swinging
Pinch Hitting: LHB Tommy Luce 0-0: Foul Ball, location: 2F
0-1: Fly out, F8 (Flyball, 8LXD, EV 92.5 MPH)
Batting: RHB Cody Flowers 0-0: Swinging Strike
0-1: Ball
1-1: Called Strike
1-2: Strikes out swinging
Bottom of the 6th over - 0 runs, 0 hits, 0 errors, 0 left on base; Baltimore 4 - Texas 3
TOP OF THE 7TH
Baltimore Orioles batting - Pitching for Texas Rangers : RHP Pimbly Nimblebottom
Pitching: RHP Lu-shan Zhào
Now in LF: Tommy Luce
Batting: RHB Darwin Mills 0-0: Ball
1-0: Foul Ball, location: 2F
1-1: Called Strike
1-2: Ball
2-2: Ground out 4-3 (Groundball, 4, EV 91.9 MPH)
Batting: RHB Andres Leon 0-0: Called Strike
0-1: Foul Ball, location: 2F
0-2: Ball
1-2: Ball
2-2: Ball
3-2: SINGLE (Line Drive, 6D, EV 98.1 MPH)
Batting: RHB Orlando Melchor 0-0: Called Strike
Andres Leon steals 2nd base (no throw)
0-1: Fly out, F5 (Line Drive, 5, EV 67.5 MPH)
Batting: RHB Saimei Kudo 0-0: Swinging Strike
0-1: Ball
1-1: Ball
2-1: Ball
3-1: Swinging Strike
3-2: Strikes out swinging
Top of the 7th over - 0 runs, 1 hit, 0 errors, 1 left on base; Baltimore 4 - Texas 3
BOTTOM OF THE 7TH
Texas Rangers batting - Pitching for Baltimore Orioles : RHP Josh Boyles
Pitching: RHP David Silva
Batting: LHB Johan de Vries 0-0: Called Strike
0-1: Ball
1-1: Ball
2-1: Swinging Strike
2-2: DOUBLE (Line Drive, 8LXD, EV 106.9 MPH)
Batting: LHB Andy Bowman 0-0: Ball
1-0: Swinging Strike
1-1: Ball
2-1: Foul Ball, location: 2F
2-2: TRIPLE (Flyball, 89XD, EV 95.0 MPH)
Johan de Vries scores
Batting: RHB David Casas 0-0: Foul Ball, location: 2F
0-1: Ball
1-1: Ball
2-1: Called Strike
2-2: Foul Ball, location: 2F
2-2: Ball
3-2: Base on Balls
Batting: SHB John Giesbrecht 0-0: Ball
David Casas is caught stealing 2nd base 2-6
1-0: Ground out 5-3 (Groundball, 56S, EV 71.2 MPH)
Batting: RHB Ray Llewellyn 0-0: Ball
1-0: Ball
2-0: Fly out, F9 (Flyball, 9LM, EV 97.5 MPH)
Bottom of the 7th over - 1 run, 2 hits, 0 errors, 1 left on base; Baltimore 4 - Texas 4
TOP OF THE 8TH
Baltimore Orioles batting - Pitching for Texas Rangers : RHP Lu-shan Zhào
Batting: LHB Brad Pepin 0-0: SINGLE (Groundball, 6S, EV 70.6 MPH) (infield hit)
Batting: SHB Robert Handy 0-0: Called Strike
0-1: Swinging Strike
0-2: Ball
1-2: Grounds into double play, 4-6-3 (Groundball, 34D, EV 105.6 MPH)
Batting: LHB Paul Diaz 0-0: Ground out 6-3 (Groundball, 6M, EV 103.1 MPH)
Top of the 8th over - 0 runs, 1 hit, 0 errors, 0 left on base; Baltimore 4 - Texas 4
BOTTOM OF THE 8TH
Texas Rangers batting - Pitching for Baltimore Orioles : RHP David Silva
DELAY Rain delay of 42 minutes in the 8th inning.
Pitching: RHP Jay Rapini
Batting: SHB Vince Ealy 0-0: Called Strike
0-1: Called Strike
0-2: Ball
1-2: Foul Ball, location: 2F
1-2: Foul Ball, location: 2F
1-2: Ball
2-2: Ball
3-2: Foul Ball, location: 2F
3-2: SOLO HOME RUN (Flyball, 89XD, EV 99.4 MPH), Distance : 397 ft
Batting: RHB Zhao-ji Chi 0-0: Called Strike
0-1: Called Strike
0-2: SINGLE (Groundball, 13S, EV 74.4 MPH) (infield hit)
Batting: LHB Tommy Luce 0-0: Ball
1-0: Bunted foul
1-1: Sac Bunt to 23 - play at first, batter OUT! 3-4
Zhao-ji Chi to second
Batting: RHB Cody Flowers 0-0: Foul Ball, location: 2F
0-1: Ball
1-1: Ball
2-1: Ball
3-1: Foul Ball, location: 2F
3-2: Ground out 6-3 (Groundball, 4M, EV 106.2 MPH)
Zhao-ji Chi to third
Batting: LHB Johan de Vries 0-0: Ball
1-0: 2-RUN HOME RUN (Flyball, 89XD, EV 103.1 MPH), Distance : 403 ft
Pitching: RHP Freddie Trainor
Batting: LHB Andy Bowman 0-0: Called Strike
0-1: Called Strike
0-2: Ball
1-2: Ground out 1-3 (Groundball, 15S, EV 74.4 MPH)
Bottom of the 8th over - 3 runs, 3 hits, 0 errors, 0 left on base; Baltimore 4 - Texas 7
TOP OF THE 9TH
Baltimore Orioles batting - Pitching for Texas Rangers : RHP Lu-shan Zhào
Pitching: RHP Brad Kramer
Batting: LHB Gabe Pace 0-0: Foul Ball, location: 2F
0-1: Foul Ball, location: 2F
0-2: Ball
1-2: Ball
2-2: Strikes out swinging
Pinch Hitting: SHB Jason Hayes 0-0: Ball
1-0: Called Strike
1-1: Ball
2-1: Ball
3-1: Base on Balls
Pinch Hitting: LHB Bob Melley 0-0: Ball
1-0: Reached on error, E3 (Groundball, 34, EV 81.2 MPH)
Jason Hayes to second
Batting: RHB Andres Leon 0-0: Foul Ball, location: 2F
0-1: Ball
1-1: Grounds into double play, 4-6-3 (Groundball, 34, EV 101.9 MPH)
Top of the 9th over - 0 runs, 0 hits, 1 error, 1 left on base; Baltimore 4 - Texas 7
Wednesday, June 22nd , 2022 - OOTP Baseball 23.4 Build 64